 Dungeon Crawl Stone Soup version 0.22-a0-515-g75794bf (webtiles) character file.

1108 CanOfBees the Slasher (level 8, -5/51 HPs)
             Began as a Tengu Berserker on June 20, 2018.
             Was a Priest of Trog.
             Slain by thechecker02's ghost (10 damage)
             ... on level 5 of the Dungeon.
             The game lasted 00:11:05 (5740 turns).

CanOfBees the Slasher (Tengu Berserker)             Turns: 5740, Time: 00:11:06

Health: -5/51      AC:  5    Str: 21    XL:     8   Next: 33%
Magic:  7/9        EV: 17    Int:  7    God:    Trog [***...]
Gold:   111        SH:  7    Dex: 15    Spells: 7/7 levels left

rFire    . . .     SeeInvis .   a - +0 falchion
rCold    . . .     Gourm    .   n - +2 buckler
rNeg     . . .     Faith    .   q - +0 ring mail
rPois    .         Spirit   .   (helmet restricted)
rElec    .         Reflect  .   (no cloak)
rCorr    .         Harm     .   (no gloves)
MR       ++...                  (boots unavailable)
Stlth    +.........             (no amulet)
HPRegen  1.17/turn              u - +2 ring of strength
MPRegen  0.11/turn              (no ring)

@: lethally poisoned (-5 -> -11), berserk cooldown, flying quickly and
evasively, regenerating, slowed, very slow
A: beak, talons 3, able to fly 1
a: Berserk, Trog's Hand, Renounce Religion


You were on level 5 of the Dungeon.
You worshipped Trog.
Trog was most pleased with you.
You were near starving.

You visited 1 branch of the dungeon, and saw 5 of its levels.

You collected 314 gold pieces.
You spent 203 gold pieces at shops.

Inventory:

Hand Weapons
 a - a +0 falchion (weapon)
Missiles
 f - 146 stones
 l - 4 exploding tomahawks
 t - 8 tomahawks (quivered)
Armour
 n - a +2 buckler (worn)
 q - a +0 ring mail (worn)
Jewellery
 u - a +2 ring of strength (left hand)
Scrolls
 d - 2 scrolls of enchant weapon
 e - 3 scrolls of teleportation
 k - 2 scrolls of fear
 o - a scroll of blinking
 p - a scroll of identify
 r - a scroll of magic mapping
 s - a scroll of remove curse
Potions
 b - a potion of might {unknown}
 g - 2 potions of curing
 h - a potion of agility {unknown}
 i - a potion of heal wounds {unknown}
 j - a potion of invisibility
 m - a potion of brilliance {unknown}
 v - a potion of flight {unknown}
 w - a potion of berserk rage {unknown}
Comestibles
 c - 9 rations


   Skills:
 + Level 5.6 Fighting
 + Level 6.2 Long Blades
 - Level 3.0 Armour
 + Level 5.6 Dodging
 - Level 4.0 Shields


You had 7 spell levels left.
You didn't know any spells.
Your spell library was empty.

Dungeon Overview and Level Annotations

Branches:
Dungeon (5/15)             Temple (0/1) D:4

Altars:
Gozag
Kikubaaqudgha

Shops:
D:5 *

Annotations:
D:5 thechecker02's ghost, novice HOFi


Innate Abilities, Weirdness & Mutations

You have a beak for a mouth.
You have claws for feet.
You can fly.


Message History

Your peck misses thechecker02's ghost.
Thechecker02's ghost is moderately damaged.
* * * LOW HITPOINT WARNING * * *
You feel very sick. Thechecker02's ghost misses you.
You block thechecker02's ghost's attack.
All of the chunks of flesh in your inventory have rotted away.
You completely miss thechecker02's ghost.
Your kick misses thechecker02's ghost. Your peck misses thechecker02's ghost.
Thechecker02's ghost is moderately damaged.
You feel the effects of Trog's Hand fading.
* * * LOW HITPOINT WARNING * * *
You feel very sick.
You block thechecker02's ghost's attack.
You miss thechecker02's ghost. Your kick misses thechecker02's ghost.
Thechecker02's ghost is moderately damaged.
* * * LOW HITPOINT WARNING * * *
You feel very sick. Thechecker02's ghost hits you!
You die...

#.###.#.#.......#.
#######.##.........####.
#..................# ##
#.....[............# #.
#..................# #.
###................# #.
#.#######........# #.
#..<.#.P#........# #.
##...@W8#.[......# #.
#...#.P#...... #.
#...#### #. #..(....#
####. #.......# ####....
#.......# #.......
#.......# #....(..
#.......# #.......
######### #.......


You could see thechecker02's ghost.

Vanquished Creatures
  Menkaure (D:4)
  An ice beast (D:5)
  A sky beast (D:5)
  2 phantoms (D:4)
  A centaur (D:5)
  A howler monkey (D:5)
  A crimson imp (D:5)
  An orc priest (D:4)
  4 orc wizards
  2 iguanas
  4 worker ants
  A hound skeleton (D:3)
  A howler monkey zombie (D:5)
  6 adders
  An ooze (D:1)
  3 worms
  5 dart slugs
  5 leopard geckos
  7 orcs
  11 bats
  3 giant cockroaches
  5 hobgoblins
  10 jackals (D:1)
  4 quokkas
  4 ball pythons
  2 frilled lizards
  A giant cockroach zombie (D:5)
  6 goblins
  3 kobolds
  A leopard gecko skeleton (D:5)
  9 rats
107 creatures vanquished.

Notes
Turn   | Place    | Note
-------+----------+-------------------------------------------
     0 | D:1      | CanOfBees the Tengu Berserker began the quest for the Orb.
     0 | D:1      | Reached XP level 1. HP: 14/14 MP: 2/2
    31 | D:1      | Reached XP level 2. HP: 15/19 MP: 3/3
   442 | D:1      | Reached XP level 3. HP: 15/23 MP: 4/4
   709 | D:1      | Reached ** piety under Trog
  1427 | D:2      | Reached XP level 4. HP: 28/28 MP: 5/5
  1561 | D:2      | Found a faded altar of an unknown god.
  2227 | D:3      | Reached skill level 4 in Long Blades
  2227 | D:3      | Reached skill level 1 in Shields
  2584 | D:4      | Gained mutation: You can fly. [Tengu growth]
  2584 | D:4      | Reached XP level 5. HP: 33/33 MP: 6/6
  2611 | D:4      | Found an opulent altar of Gozag.
  2708 | D:4      | Reached *** piety under Trog
  2896 | D:4      | Reached XP level 6. HP: 34/38 MP: 7/7
  2970 | D:4      | Noticed a phantom
  3004 | D:4      | Killed a phantom
  3447 | D:4      | Noticed a phantom
  3471 | D:4      | Killed a phantom
  3471 | D:4      | Reached skill level 5 in Long Blades
  3471 | D:4      | Reached XP level 7. HP: 44/44 MP: 8/8
  3884 | D:4      | Found a staircase to the Ecumenical Temple.
  3985 | D:4      | Noticed Menkaure
  3996 | D:4      | Killed Menkaure
  4370 | D:5      | Entered Level 5 of the Dungeon
  4377 | D:5      | Reached skill level 5 in Fighting
  4722 | D:5      | Reached skill level 5 in Dodging
  4744 | D:5      | Reached XP level 8. HP: 14/49 MP: 9/9
  5143 | D:5      | Found an ancient bone altar of Kikubaaqudgha.
  5155 | D:5      | Reached skill level 6 in Long Blades
  5611 | D:5      | Found Hiej Jen's Assorted Antiques.
  5618 | D:5      | Bought a translucent lapis lazuli ring for 145 gold pieces
  5618 | D:5      | Bought a scroll of identify for 58 gold pieces
  5619 | D:5      | Identified the cursed ring "Zateir" {+Inv MR+ AC-3} (You bought it in a shop on level 5 of the Dungeon)
  5718 | D:5      | Found a runed door.
  5718 | D:5      | Noticed thechecker02's ghost (novice HOFi)
  5740 | D:5      | Slain by thechecker02's ghost

Vault maps used:
D:1:      onia_arrival_handbag
D:2:      first_ration, chequers_ecumenical_altar_twisty
D:3:      kennysheep_generic_room_15
D:4:      lemuel_doored_altar, temple_hall, kennysheep_nub, uniq_menkaure
D:5:      basic_altar, serial_shops, nicolae_shop_overgrown_old_shop,
          gammafunk_ghost_grave

Skill      XL: |  1  2  3  4  5  6  7  8 |
---------------+-------------------------+-----
Armour         | 3 |  3.0
Dodging        | 3 4 5 |  5.6
Long Blades    | 4 5 6 |  6.2
Shields        | 1 2 3 4 |  4.0
Fighting       | 4 5 |  5.6

Action                   |  1- 3 |  4- 6 |  7- 9 || total
-------------------------+-------+-------+-------++-------
Melee: Falchion          |    80 |   101 |   113 ||   294
       Kick              |    18 |    36 |    37 ||    91
       Peck              |     8 |    20 |    20 ||    48
Throw: Stone             |     6 |     8 |       ||    14
       Tomahawk          |     1 |     4 |    13 ||    18
Invok: Trog's Hand       |       |     2 |     2 ||     4
       Berserk           |       |     1 |     2 ||     3
 Abil: Fly               |       |       |     1 ||     1
  Use: Scroll            |       |     5 |     6 ||    11
       Potion            |       |       |     1 ||     1
 Stab: Sleeping          |     3 |     3 |       ||     6
       Invisible         |       |       |     1 ||     1
  Eat: Chunk             |     2 |     8 |     8 ||    18
Armor: Animal skin       |     9 |     6 |       ||    15
       Ring mail         |       |    11 |    24 ||    35
Dodge: Dodged            |    55 |    46 |    48 ||   149
Block: Buckler           |     1 |    21 |    36 ||    58
       Rpst.: Falchion   |    14 |    12 |    11 ||    37

Table legend:
 A = Spawn XP
 B = Non-spawn XP
 C = Spawn XP percentage of total XP
 D = Spawn monster count
 E = Non-spawn monster count
 F = Spawn count percentage of total count
 G = Total turns spent on level
                    A         B        C        D         E        F      G
               +---------+---------+-------+---------+---------+-------+---------
         Total |       0 |    1584 |   0.0 |       0 |     107 |   0.0 |  5740
               +---------+---------+-------+---------+---------+-------+---------
           D:1 |       0 |      74 |   0.0 |       0 |      37 |   0.0 |  1417
           D:2 |       0 |      33 |   0.0 |       0 |      13 |   0.0 |   687
           D:3 |       0 |      91 |   0.0 |       0 |      16 |   0.0 |   533
           D:4 |       0 |     765 |   0.0 |       0 |      22 |   0.0 |  1733
           D:5 |       0 |     621 |   0.0 |       0 |      19 |   0.0 |  1370
               +---------+---------+-------+---------+---------+-------+---------
